 Dungeon Crawl Stone Soup version 0.22-a0-880-gb7b0c8b (webtiles) character file.

458 Kuinu the Skirmisher (level 6, -10/55 HPs)
             Began as a Draconian Warper on July 30, 2018.
             Mangled by an ogre
             ... wielding a +0 giant spiked club
              (27 damage)
             ... on level 5 of the Dungeon.
             The game lasted 00:13:39 (5843 turns).

Kuinu the Skirmisher (Draconian Warper)             Turns: 5843, Time: 00:13:45

Health: -10/55     AC:  7    Str: 15    XL:     6   Next: 77%
Magic:  7/10       EV: 13    Int: 13    God:
Gold:   195        SH:  0    Dex: 11    Spells: 1/11 levels left

rFire    . . .     SeeInvis .   a - +0 falchion
rCold    . . .     Gourm    .   (no shield)
rNeg     . . .     Faith    .   (armour unavailable)
rPois    .         Spirit   .   (helmet restricted)
rElec    .         Reflect  .   (no cloak)
rCorr    .         Harm     .   (no gloves)
MR       .....                  x - +0 pair of boots
Stlth    ++........             (no amulet)
HPRegen  0.18/turn              k - ring of flight
MPRegen  0.12/turn              v - ring of stealth

@: very slightly contaminated
A: unfitting armour, cold-blooded, AC +6
a: Evoke Flight


You were on level 5 of the Dungeon.
You were not hungry.

You visited 1 branch of the dungeon, and saw 5 of its levels.

You collected 195 gold pieces.

Inventory:

Hand Weapons
 a - a +0 falchion (weapon)
Missiles
 d - 5 tomahawks of dispersal (quivered)
 i - 2 tomahawks
Armour
 x - a +0 pair of boots (worn)
Jewellery
 k - a ring of flight (left hand)
 v - a ring of stealth (right hand)
Scrolls
 b - 3 scrolls of enchant weapon {unknown}
 c - a scroll of blinking
 h - 3 scrolls of remove curse {unknown}
 j - 2 scrolls of noise {unknown}
 l - 4 scrolls of teleportation {unknown}
 q - a scroll of fog {unknown}
 u - 2 scrolls of amnesia {unknown}
Potions
 g - a potion of invisibility
 m - 2 potions of agility {unknown}
 n - a potion of resistance {unknown}
 o - 2 potions of haste
 r - 2 potions of lignification {unknown}
 t - 2 potions of heal wounds {unknown}
 w - 2 potions of ambrosia
Comestibles
 f - 9 rations


   Skills:
 * Level 4.9 Fighting
 * Level 4.3 Long Blades
 - Level 0.8 Throwing
 + Level 3.3 Dodging
 + Level 3.1 Spellcasting
 * Level 3.2 Translocations


You had one spell level left.
You knew the following spells:

 Your Spells              Type           Power        Failure   Level  Hunger
a - Shroud of Golubria    Chrm/Tloc      #.........   17%         2    ##.....
b - Blink                 Tloc           N/A          9%          2    ##.....
c - Gell's Gravitas       Tloc           ##........   19%         3    ###....
d - Teleport Other        Tloc           ##......     19%         3    ###....

Your spell library contained the following spells:

 Spells                   Type           Power        Failure   Level  Hunger
 Magic Dart               Conj           #...         22%         1    #......
 Iskenderun's Mystic Bla  Conj           #.......     92%         4    #####..
 Passage of Golubria      Tloc           N/A          52%         4    #####..
 Fulminant Prism          Conj/Hex       #.........   92%         4    #####..
 Dazzling Spray           Conj/Hex       #.....       56%         3    ###....
 Force Lance              Conj/Tloc      #.......     75%         4    #####..
 Searing Ray              Conj           #.....       34%         2    ##.....
 Lesser Beckoning         Tloc           ##........   19%         3    ###....


Dungeon Overview and Level Annotations

Branches:
Dungeon (5/15)
 Temple: D:4-7

Altars:
Fedhas
Ru
Xom
The Shining One

Shops:
D:4 [


Innate Abilities, Weirdness & Mutations

Your plain brown scales are hard. (AC +6)
You cannot fit into any form of body armour.
You are cold-blooded and may be slowed by cold attacks.


Message History

You barely miss the ogre.
The ogre is heavily wounded.
The ogre closely misses you.
You riposte.
You hit the ogre but do no damage. You tail-slap the ogre.
The ogre is heavily wounded.
You hit the ogre.
The ogre is severely wounded.
The ogre hits you with a giant spiked club!!
* * * LOW HITPOINT WARNING * * *
Your shroud falls apart!
Okay, then.
Okay, then.
Okay, then.
Casting: Shroud of Golubria (safe; 17% risk of failure)
Confirm with . or Enter, or press ? or * to list all spells.
You miscast Blink.
You are very lightly contaminated with residual magic.
You feel a wrenching sensation.
The ogre hits you with a giant spiked club!!
You die...

#.# #.....# ##.#### ##.#
####### #.....# #..#
#.....# #.## #########
#.....# #.######.......#
#.....# #........#####.#
#.....#
#...###..#####.#####.###
#...###..##........>.#
#.....O@....##.#######
##..###........#
#..###.######## #......#
########


You could see an ogre.

Vanquished Creatures
  2 scorpions (D:4)
  A howler monkey (D:4)
  A hound (D:4)
  A centaur skeleton (D:4)
  Terence (D:3)
  3 worker ants
  5 adders
  2 oozes
  An adder zombie (D:5)
  2 worms (D:3)
  2 dart slugs
  A leopard gecko (D:4)
  13 orcs
  9 giant cockroaches
  6 goblins
  6 hobgoblins
  3 quokkas
  A ball python (D:1)
  7 bats
  8 frilled lizards
  9 kobolds
  A leopard gecko zombie (D:5)
  9 rats
94 creatures vanquished.

Notes
Turn   | Place    | Note
-------+----------+-------------------------------------------
     0 | D:1      | Kuinu the Draconian Warper began the quest for the Orb.
     0 | D:1      | Reached XP level 1. HP: 17/17 MP: 3/3
   171 | D:1      | Reached XP level 2. HP: 15/25 MP: 5/5
   200 | D:1      | Learned a level 2 spell: Shroud of Golubria
   203 | D:1      | Learned a level 2 spell: Blink
   749 | D:1      | Reached XP level 3. HP: 31/31 MP: 6/6
  1195 | D:2      | Found a sacrificial altar of Ru.
  1587 | D:3      | Reached XP level 4. HP: 17/38 MP: 4/7
  2255 | D:3      | Learned a level 3 spell: Gell's Gravitas
  2285 | D:3      | Found a faded altar of an unknown god.
  3021 | D:3      | Reached XP level 5. HP: 22/46 MP: 8/8
  3245 | D:3      | Noticed Terence
  3343 | D:3      | Found a glowing golden altar of the Shining One.
  3809 | D:3      | Killed Terence
  4055 | D:4      | Reached XP level 6. HP: 39/53 MP: 7/10
  4505 | D:4      | Found a blossoming altar of Fedhas.
  4711 | D:4      | Found a shimmering altar of Xom.
  4824 | D:4      | Found Seoha's Armour Shop.
  4840 | D:4      | Learned a level 3 spell: Teleport Other
  4868 | D:5      | Entered Level 5 of the Dungeon
  4962 | D:5      | Noticed an orc warrior
  5795 | D:5      | Noticed an ice beast
  5843 | D:5      | Mangled by an ogre

Vault maps used:
D:1:      tarquinn_simple_flora_water_f
D:2:      nicolae_ru_sacrificial_ziggurat, first_ration
D:3:      tso_altar, chequers_ecumenical_altar_lobes, uniq_terence
D:4:      kennysheep_mini, fedhas_altar_1, serial_shops, shop_fountains,
          kennysheep_generic_room_5
D:5:      minmay_opposing_rooms, minmay_temple_entry_butterflies,
          minmay_small_thing, uniq_pikel

Skill      XL: |  1  2  3  4  5  6 |
---------------+-------------------+-----
Fighting       | 3 4 |  4.9
Long Blades    | 3 4 |  4.3
Dodging        | 3 |  3.3
Spellcasting   | 3 |  3.1
Throwing       | |  0.8
Translocations | |  3.2

Action                   |  1- 3 |  4- 6 || total
-------------------------+-------+-------++-------
Melee: Falchion          |   123 |   282 ||   405
       Tailslap          |    18 |    43 ||    61
 Cast: Shroud of Golubri |    11 |    34 ||    45
       Gell's Gravitas   |       |     3 ||     3
  Use: Scroll            |       |     4 ||     4
       Potion            |       |     4 ||     4
 Stab: Sleeping          |     1 |     6 ||     7
  Eat: Chunk             |     3 |    11 ||    14
       Ration            |       |     2 ||     2
Armor: Skin              |    33 |    62 ||    95
Dodge: Dodged            |   110 |   190 ||   300
       Rpst.: Falchion   |    37 |    61 ||    98

Table legend:
 A = Spawn XP
 B = Non-spawn XP
 C = Spawn XP percentage of total XP
 D = Spawn monster count
 E = Non-spawn monster count
 F = Spawn count percentage of total count
 G = Total turns spent on level
                    A         B        C        D         E        F      G
               +---------+---------+-------+---------+---------+-------+---------
         Total |       0 |     655 |   0.0 |       0 |      94 |   0.0 |  5843
               +---------+---------+-------+---------+---------+-------+---------
           D:1 |       0 |      42 |   0.0 |       0 |      26 |   0.0 |   884
           D:2 |       0 |      21 |   0.0 |       0 |      10 |   0.0 |   636
           D:3 |       0 |     171 |   0.0 |       0 |      31 |   0.0 |  2386
           D:4 |       0 |     392 |   0.0 |       0 |      17 |   0.0 |  1663
           D:5 |       0 |      29 |   0.0 |       0 |      10 |   0.0 |   274
               +---------+---------+-------+---------+---------+-------+---------
